 Dungeon Crawl Stone Soup version 0.26-a0-665-gefeb406119 (webtiles) character file.

Game seed: 13843418905574876537

411003 Peloso the Hoplite (level 22, -9/209 HPs)
             Began as a Minotaur Fighter on Oct 15, 2020.
             Was the Champion of Okawaru.
             Killed from afar by a tengu reaver (42 damage)
             ... with a bolt of lightning
             ... on level 4 of the Vaults.
             The game lasted 02:58:22 (53811 turns).

Peloso the Hoplite (Minotaur Fighter)              Turns: 53811, Time: 02:58:23

Health: -9/209     AC: 25    Str: 34    XL:     22   Next: 46%
Magic:  0/23       EV: 28    Int:  5    God:    Okawaru [******]
Gold:   2355       SH: 31    Dex: 29    Spells: 21/21 levels left

rFire    + . .     SeeInvis .   a - +3 double sword (venom)
rCold    + . .     Faith    .   c - +2 tower shield {AC+3}
rNeg     + + .     Spirit   +   I - +4 ring mail "Emimioz" {Dex+4}
rPois    +         Reflect  .   N - +2 hat of the Bear Spirit {Spirit, +Rage rN+ MR++}
rElec    .         Harm     .   i - scarf {shadows}
rCorr    +         Rampage  +   F - +0 pair of gloves of the Marlin {rPois rN+ rCorr Slay+5}
MR       +++..                  D - +5 pair of boots of Incorporation {Rampage rF- Dex+9}
Stlth    +++++.....             A - amulet of Hoululu {Spirit rF++ rC+ Dex-3}
HPRegen  0.44/turn              T - +6 ring of strength
MPRegen  0.18/turn              p - +6 ring of dexterity

@: marked
A: retaliatory headbutt, horns 2
}: 2/15 runes: serpentine, barnacled
a: Heroism, Finesse, Renounce Religion, Evoke Berserk Rage


You were on level 4 of the Vaults.
You worshipped Okawaru.
Okawaru was exalted by your worship.
You visited 7 branches of the dungeon, and saw 38 of its levels.
You visited 1 bazaar.
You also visited: Sewer, Bailey, Gauntlet, Ice Cave and Volcano.

You collected 5632 gold pieces.
You spent 3277 gold pieces at shops.

Inventory:

Hand Weapons
 a - a +3 double sword of venom (weapon)
 b - a +2 double sword of draining
Armour
 c - a +2 tower shield of protection (worn)
 i - a scarf of shadows (worn)
 D - the +5 pair of boots of Incorporation (worn) {Rampage rF- Dex+9}
   (You found it on level 12 of the Dungeon)

   It affects your dexterity (+9).
   It makes you vulnerable to fire.
   It bestows one free step when moving towards enemies.
 F - the +0 pair of gloves of the Marlin (worn) {rPois rN+ rCorr Slay+5}
   (You found it in a Gauntlet)

   It affects your accuracy and damage with ranged weapons and melee attacks
   (+5).
   It protects you from poison.
   It protects you from negative energy.
   It provides partial protection from all sources of acid and corrosion.
 I - the +4 ring mail "Emimioz" (worn) {Dex+4}
   (You found it on level 8 of the Dungeon)

   It affects your dexterity (+4).
 N - the +2 hat of the Bear Spirit (worn) {Spirit, +Rage rN+ MR++}
   (You bought it in a shop on level 1 of the Shoals)

   It protects you from negative energy.
   It affects your resistance to hostile enchantments.
   It lets you go berserk.
 V - a +0 pair of boots of flying
 X - a +0 kite shield of reflection
Jewellery
 n - an uncursed ring of see invisible
 p - a +6 ring of dexterity (right hand)
 x - the amulet of Viurriut {Reflect rF- rN+++ Str+3 SH+5}
   (You bought it in a shop in a bazaar)

   [amulet of reflection]

   It shields you and reflects attacks.
   It affects your strength (+3).
   It makes you vulnerable to fire.
   It renders you almost immune to negative energy.
   It affects your SH (+5).
 y - the ring of Wonder {Wiz rElec rN++ MR++}
   (You found it on level 3 of the Elven Halls)

   [ring of wizardry]

   It improves your spell success rate.
   It insulates you from electricity.
   It greatly protects you from negative energy.
   It affects your resistance to hostile enchantments.
 A - the amulet of Hoululu (around neck) {Spirit rF++ rC+ Dex-3}
   (You found it in a Gauntlet)

   [amulet of guardian spirit]

   It causes incoming damage to be split between your health and magic.
   It affects your dexterity (-3).
   It greatly protects you from fire.
   It protects you from cold.
 T - a +6 ring of strength (left hand)
Wands
 w - a wand of iceblast (9)
Scrolls
 f - 2 scrolls of fog
 g - 18 scrolls of teleportation
 j - 7 scrolls of fear
 m - 14 scrolls of identify
 r - 4 scrolls of blinking
 u - 23 scrolls of remove curse
 B - a scroll of magic mapping
 S - 3 scrolls of immolation
 W - a scroll of acquirement
Potions
 d - 7 potions of might
 h - 18 potions of curing
 k - 6 potions of flight
 o - 8 potions of berserk rage
 q - 5 potions of heal wounds
 v - 5 potions of haste
 H - 2 potions of mutation
 L - 9 potions of stabbing
 R - 3 potions of resistance


   Skills:
 + Level 20.1 Fighting
   Level 1.1(13.8) Short Blades
 + Level 21.7 Long Blades
   Level 3.1 Axes
 + Level 14.4 Armour
 + Level 14.9 Dodging
 + Level 10.4 Stealth
 + Level 25.7 Shields
 + Level 3.1 Invocations
 + Level 1.9 Evocations


You had 21 spell levels left.
You didn't know any spells.
Your spell library contained the following spells:

 Spells                   Type           Power        Failure   Level
 Animate Skeleton         Necr           #.....       54%         1
 Apportation              Tloc           #.....       54%         1
 Beastly Appendage        Tmut           #.....       54%         1
 Corona                   Hex            #......      54%         1
 Foxfire                  Conj/Fire      #...         54%         1
 Freeze                   Ice            #...         54%         1
 Magic Dart               Conj           #...         54%         1
 Pain                     Necr           #...         54%         1
 Sandblast                Erth           #.....       54%         1
 Summon Small Mammal      Summ           #...         54%         1
 Blink                    Tloc           N/A          69%         2
 Call Imp                 Summ           #.......     69%         2
 Corpse Rot               Necr/Air       N/A          69%         2
 Searing Ray              Conj           #.....       69%         2
 Slow                     Hex            #.......     69%         2
 Swiftness                Air            #.......     69%         2
 Wereblood                Tmut           #.......     69%         2
 Confusing Touch          Hex            #.......     89%         3
 Conjure Flame            Conj/Fire      #.......     89%         3
 Dazzling Flash           Conj/Hex       #.....       89%         3
 Frozen Ramparts          Ice            #.....       89%         3
 Gell's Gravitas          Tloc           #.........   89%         3
 Ignite Poison            Fire/Tmut/Pois #.......     89%         3
 Inner Flame              Hex/Fire       #.......     89%         3
 Lesser Beckoning         Tloc           #.........   89%         3
 Mephitic Cloud           Conj/Pois/Air  #.......     89%         3
 Ozocubu's Armour         Ice            #.......     89%         3
 Portal Projectile        Hex/Tloc       #.....       89%         3
 Spider Form              Tmut/Pois      #.........   89%         3
 Summon Guardian Golem    Hex/Summ       #.......     89%         3
 Teleport Other           Tloc           #.......     89%         3
 Tukima's Dance           Hex            #.......     89%         3
 Vampiric Draining        Necr           #.........   89%         3
 Animate Dead             Necr           #.........   100%        4
 Cause Fear               Hex            #.........   100%        4
 Fulminant Prism          Conj/Hex       #.........   100%        4
 Hailstorm                Conj/Ice       #.......     100%        4
 Ice Form                 Ice/Tmut       #.......     100%        4
 Iskenderun's Mystic Bla  Conj/Tloc      #.......     100%        4
 Leda's Liquefaction      Hex/Erth       #.........   100%        4
 Passage of Golubria      Tloc           N/A          100%        4
 Sticky Flame             Conj/Fire      #.......     100%        4
 Summon Ice Beast         Ice/Summ       #.......     100%        4
 Agony                    Necr           #.......     100%        5
 Alistair's Intoxication  Tmut/Pois      #........    100%        5
 Blade Hands              Tmut           #.........   100%        5
 Bolt of Magma            Conj/Fire/Erth #.........   100%        5
 Fireball                 Conj/Fire      #.........   100%        5
 Lightning Bolt           Conj/Air       #.........   100%        5
 Invisibility             Hex            #.......     100%        6
 Iron Shot                Conj/Erth      #.........   100%        6
 Starburst                Conj/Fire      #.........   100%        6
 Malign Gateway           Summ/Tloc      #.........   100%        7
 Ignition                 Fire           #.........   100%        8


Dungeon Overview and Level Annotations

Branches:
Dungeon (15/15)            Temple (0/1) D:5            Lair (6/6) D:9
 Shoals (4/4) Lair:3        Snake (4/4) Lair:4        Slime (0/5) Lair:5
    Orc (2/2) D:10            Elf (3/3) Orc:2        Vaults (4/5) D:14
  Crypt (0/3) Vaults:3     Depths (0/5) D:15          Sewer (visited)
 Bailey (visited)           IceCv (visited)         Volcano (visited)
Gauntlet (visited)

Altars:
Ashenzari
Dithmenos
Hepliaklqana
Kikubaaqudgha
Nemelex Xobeh
Okawaru
Qazlal
Sif Muna
Vehumet
Wu Jian
Xom
Yredelemnul
Zin
The Shining One

Shops:
D:5 *   D:6 [   D:8 ?   D:10 [   D:11 (?   D:15 *   Orc:1 }   Orc:2 !*?*
Elf:2 **!   Elf:3 }   Shoals:1 [   Snake:1 =

Annotations:
Lair:4 casa


Innate Abilities, Weirdness & Mutations

You reflexively headbutt those who attack you in melee.
You have a pair of horns on your head.


Message History

* * * LOW HITPOINT WARNING * * *
You carve the tengu reaver like a ham!!!
The tengu reaver looks as sick as possible!
Your headbutt misses the tengu reaver.
The tengu reaver is heavily wounded.
Unknown command.
You closely miss the tengu reaver. You headbutt the tengu reaver!
The tengu reaver is heavily wounded.
You block the tengu reaver's attack. The tengu reaver pecks you.
* * * LOW HITPOINT WARNING * * *
You block the tengu reaver's attack.
Unknown command.
You barely miss the tengu reaver. Your headbutt misses the tengu reaver.
The tengu reaver is heavily wounded.
Unknown command.
You completely miss the tengu reaver.
The tengu reaver is heavily wounded.
The tengu reaver points at you and mumbles some strange words.
The bolt of lightning hits you!!!
You die...

# #### ############ #.
#@)# #..........#
#..##.Q###..........##
#.e##E.'..........##
#..##e.'..........##
..##.)###..........##
#.. #.. #..........##
..# ..##.
######+#'#### #.p #..
/. #........# ## ..#
## #........'


You could see a tengu reaver (extremely poisoned), an earth elemental (summoned)
and 2 deep elf magi.

Vanquished Creatures
  Mara (Shoals:3)
  Bai Suzhen (Vaults:4)
  Vashnia (Snake:3)
  Rupert (Lair:5)
  A tentacled monstrosity (Vaults:3)
  Polyphemus (Shoals:3)
  2 deep elf blademasters (Elf:3)
  Frances (Snake:1)
  2 deep elf master archers (Elf:3)
  A kraken (Shoals:3)
  Gastronok (Lair:2)
  A tengu reaver (Vaults:1)
  Agnes (Elf:1)
  A shadow dragon (Vaults:4)
  Ilsuiw (Shoals:4)
  16 nagarajas
  Donald (Shoals:3)
  Louise (Elf:2)
  6 frost giants
  8 deep elf sorcerers
  7 vault wardens
  Aizul (Snake:1)
  8 deep elf elementalists
  A large abomination (Elf:3)
  An entropy weaver (Vaults:3)
  2 stone giants
  2 ironheart preservers
  3 deep elf demonologists (Elf:3)
  9 deep elf annihilators (Elf:3)
  A minotaur (Gauntlet)
  6 merfolk javelineers
  Snorg (Lair:5)
  8 deep elf death magi
  7 merfolk impalers
  5 ettins
  The ghost of Zeamae the Destroyer, a journeyman OpCj of Cheibriados (Lair:2)
  4 fire dragons
  7 deep elf high priests
  7 ogre magi
  3 vault guards
  6 yaktaur captains
  12 hydras
  Erolcha (D:9)
  8 boulder beetles
  2 catoblepae
  2 great orbs of eyes
  A rakshasa (Vaults:1)
  11 naga warriors
  6 alligator snapping turtles
  10 anacondas
  2 merfolk avatars (Shoals:4)
  4 death knights
  8 centaur warriors
  6 merfolk aquamancers
  29 two-headed ogres
  A two-headed ogre (shapeshifter) (Vaults:3)
  30 dancing weapons
  6 satyrs
  27 death yaks
  2 tengu warriors
  6 shock serpents
  Urug (Lair:3)
  18 deep elf knights
  27 naga sharpshooters
  5 salamander mystics
  3 flayed ghosts
  2 fire crabs (Shoals:1)
  A small abomination (Elf:3)
  2 skeletal warriors (Vaults:2)
  2 deep trolls
  16 sea snakes
  5 unseen horrors
  16 deep elf archers
  14 ironbrand convokers
  A wizard (Vaults:3)
  A swamp dragon (Lair:6)
  2 glowing orange brains
  Pikel (D:4)
  4 necromancers
  10 naga ritualists
  22 ugly things
  60 deep elf magi
  A phantasmal warrior (Vaults:1)
  2 wolf spiders
  16 orc knights
  21 harpies
  4 mana vipers
  3 orc sorcerers
  15 salamanders
  18 manticores
  29 fauns
  16 cyclopes
  6 elephants (Lair:4)
  A guardian serpent (Snake:2)
  40 black mambas
  22 merfolk sirens
  7 vault sentinels
  2 centaur skeletons
  5 water nymphs
  4 ice statues (IceCv)
  21 naga magi
  Joseph (D:9)
  A torpor snail (Lair:6)
  Psyche (D:9)
  14 cane toads
  A kobold demonologist (D:14)
  8 rime drakes
  A gargoyle (Volcano)
  8 freezing wraiths
  16 yaktaurs
  8 ice devils
  5 komodo dragons
  14 polar bears
  3 trolls
  A troll (shapeshifter) (Vaults:1)
  A tengu conjurer (Shoals:4)
  27 merfolk
  5 hornets
  A harpy skeleton (D:15)
  6 wind drakes
  A jumping spider (Vaults:3)
  A wind drake (shapeshifter) (Vaults:3)
  A wolf spider simulacrum (D:15)
  25 slime creatures
  3 blink frogs (Lair:6)
  A raiju (Lair:6)
  A dream sheep (shapeshifter) (Vaults:1)
  8 snapping turtles
  16 dream sheep
  A meliai zombie (D:13)
  A centaur simulacrum (D:15)
  A tarantella (Vaults:3)
  A redback (Vaults:3)
  4 air elementals
  19 water elementals
  A vampire (D:14)
  10 wraiths
  50 yaks
  15 wyverns
  A basilisk (shapeshifter) (Elf:3)
  2 fire bats (Shoals:1)
  8 basilisks
  6 fire elementals
  2 steam dragons
  4 vampire mosquitoes
  A soldier ant (D:15)
  13 wargs
  31 nagas
  Edmund (D:4)
  Purgy (Sewer)
  22 water moccasins
  16 hell hounds (Lair:6)
  4 swamp drakes (Lair:6)
  2 eyes of draining (D:11)
  A hornet zombie (D:14)
  2 necrophages
  An ettin simulacrum (Vaults:3)
  An ice beast (D:9)
  51 orc warriors
  4 sky beasts
  A phantom (D:9)
  15 black bears
  31 centaurs
  26 ogres
  39 wolves
  6 big kobolds
  9 earth elementals
  19 bullfrogs
  A gnoll sergeant (D:9)
  4 scorpions
  A water moccasin skeleton (D:7)
  A wyvern skeleton (D:13)
  12 killer bees
  2 human simulacra
  13 wights
  4 electric eels
  3 centaur zombies
  A bullfrog zombie (D:11)
  2 draconian simulacra (IceCv)
  5 hounds
  A bullfrog skeleton (D:3)
  3 human zombies (D:7)
  4 jellies
  13 orc priests
  6 human skeletons
  10 iguanas
  25 orc wizards
  5 troll simulacra (IceCv)
  6 hell rats (D:14)
  A spriggan simulacrum (IceCv)
  11 worker ants
  5 gnolls
  13 adders
  A naga simulacrum (IceCv)
  An ogre simulacrum (IceCv)
  2 white imps
  5 ufetubi
  An adder skeleton (D:8)
  An adder zombie (D:5)
  3 worms (D:3)
  4 dart slugs
  6 leopard geckos
  88 orcs
  9 giant cockroaches
  12 goblins
  8 hobgoblins
  12 jackals
  7 quokkas
  2 ball pythons (D:1)
  7 bats
  9 frilled lizards
  47 kobolds
  A leopard gecko skeleton (D:4)
  2 orc zombies (D:7)
  A quokka skeleton (D:6)
  5 rats
  4 crawling corpses (Elf:3)
  4 tentacles (Shoals:3)
1755 creatures vanquished.

Vanquished Creatures (others)
  A dancing weapon (Elf:3)
  A death yak (Shoals:3)
  2 deep elf knights (Elf:2)
  An orc (Vaults:4)
  A bush (Lair:6)
  A butterfly (Lair:3)
  23 fungi
  297 plants
  4 tentacles (Shoals:3)
331 creatures vanquished.

Grand Total: 2086 creatures vanquished

Notes
Turn   | Place    | Note
-------+----------+-------------------------------------------
     0 | D:1      | Peloso the Minotaur Fighter began the quest for the Orb.
     0 | D:1      | Reached XP level 1. HP: 19/19 MP: 0/0
   175 | D:1      | Reached XP level 2. HP: 26/27 MP: 1/1
   206 | D:1      | Reached skill level 4 in Shields
   604 | D:2      | Reached XP level 3. HP: 28/33 MP: 2/2
   956 | D:2      | Found an ornate altar of the Wu Jian Council.
   956 | D:2      | Found a shadowy altar of Dithmenos.
   957 | D:2      | Found an iron altar of Okawaru.
   964 | D:2      | Became a worshipper of Warmaster Okawaru
  1222 | D:2      | Reached XP level 4. HP: 38/40 MP: 3/3
  1252 | D:2      | Found a faded altar of an unknown god.
  1296 | D:2      | Found a broken altar of Ashenzari.
  1417 | D:3      | Reached skill level 5 in Armour
  1430 | D:3      | Reached skill level 1 in Dodging
  1430 | D:3      | Reached XP level 5. HP: 27/46 MP: 4/4
  1694 | D:3      | Found a glowing golden altar of the Shining One.
  2371 | D:3      | Found a sparkling altar of Nemelex Xobeh.
  2857 | D:4      | Found a shimmering altar of Xom.
  2857 | D:4      | Found a glowing silver altar of Zin.
  2858 | D:4      | Found a glowing drain.
  2858 | D:4      | Noticed an angel
  2873 | Sewer    | Entered a sewer
  2893 | Sewer    | Reached XP level 6. HP: 52/52 MP: 5/5
  3011 | Sewer    | Noticed Purgy
  3026 | Sewer    | Killed Purgy
  3026 | Sewer    | Reached * piety under Okawaru
  3026 | Sewer    | Reached skill level 5 in Shields
  3214 | D:4      | Noticed Pikel
  3291 | D:4      | Killed Pikel
  3291 | D:4      | Reached ** piety under Okawaru
  3291 | D:4      | Reached skill level 6 in Shields
  3291 | D:4      | Reached XP level 7. HP: 38/60 MP: 4/6
  3476 | D:4      | Noticed Edmund
  3500 | D:4      | Killed Edmund
  3586 | D:4      | Found a hazy altar of Hepliaklqana.
  3679 | D:4      | Reached XP level 8. HP: 67/67 MP: 7/7
  3790 | D:5      | Entered Level 5 of the Dungeon
  3807 | D:5      | Found Hamumnues's General Store.
  3945 | D:5      | Reached skill level 7 in Shields
  4185 | D:5      | Reached skill level 5 in Fighting
  4226 | D:5      | Found a stormy altar of Qazlal.
  4251 | D:5      | Bought a scroll of enchant armour for 75 gold pieces
  4251 | D:5      | Bought a scroll of identify for 20 gold pieces
  4251 | D:5      | Bought a potion of degeneration for 10 gold pieces
  4251 | D:5      | Bought a scroll of identify for 20 gold pieces
  4308 | D:5      | Found a staircase to the Ecumenical Temple.
  4758 | D:6      | Found Ecaegeqe's Armour Boutique.
  5231 | D:7      | Reached XP level 9. HP: 48/74 MP: 8/8
  5408 | D:7      | Found a basalt altar of Yredelemnul.
  5430 | D:7      | Reached skill level 8 in Shields
  5541 | D:7      | Reached *** piety under Okawaru
  6127 | D:7      | Reached skill level 9 in Shields
  6609 | D:8      | Got a heavily runed ring mail
  6620 | D:8      | Identified the +4 ring mail "Emimioz" {Dex+4} (You found it
                  | on level 8 of the Dungeon)
  6697 | D:8      | Found Cishren's Magic Scroll Emporium.
  7086 | D:8      | Reached **** piety under Okawaru
  7136 | D:9      | Noticed Psyche
  7141 | D:9      | Killed Psyche
  7155 | D:9      | Noticed Erolcha
  7170 | D:9      | Killed Erolcha
  7170 | D:9      | Reached ***** piety under Okawaru
  7170 | D:9      | Reached skill level 10 in Long Blades
  7170 | D:9      | Reached skill level 10 in Shields
  7170 | D:9      | Reached XP level 10. HP: 66/83 MP: 6/9
  7263 | D:9      | Found a staircase to the Lair.
  7618 | D:9      | Reached skill level 1 in Invocations
  7658 | D:9      | Noticed Joseph
  7667 | D:9      | Killed Joseph
  7833 | D:9      | Received a gift from Okawaru
  7838 | D:9      | Reached skill level 11 in Shields
  8008 | D:9      | Reached skill level 5 in Dodging
  8477 | D:10     | Entered Level 10 of the Dungeon
  8497 | D:10     | Killed an unseen horror
  8497 | D:10     | Reached XP level 11. HP: 91/92 MP: 10/10
  8547 | D:10     | Noticed a two-headed ogre
  8554 | D:10     | Reached skill level 1 in Stealth
  8561 | D:10     | Killed a two-headed ogre
  8721 | D:10     | Noticed a six-headed hydra
  8764 | D:10     | Found a staircase to the Orcish Mines.
  8764 | D:10     | Noticed a boulder beetle
  8771 | D:10     | Found Onty's Antique Armour Shop.
  8794 | D:10     | Killed a boulder beetle
  8860 | Lair:1   | Entered Level 1 of the Lair of Beasts
  9160 | Lair:1   | Reached skill level 12 in Shields
  9283 | Lair:1   | Reached ****** piety under Okawaru
  9283 | Lair:1   | Received a gift from Okawaru
  9286 | Lair:1   | Got a pair of polished boots {god gift}
  9297 | Lair:1   | Identified the +2 pair of boots "Talufesm" {-Tele rPois
                  | rCorr Dex+9} (Okawaru gifted it to you on level 1 of the
                  | Lair of Beasts)
  9708 | Lair:1   | Reached skill level 10 in Armour
  9920 | Lair:2   | Found a dark tunnel.
  9935 | Volcano  | Entered a volcano
 10443 | Lair:2   | Found a transporter.
 10452 | Lair:2   | Noticed Zeamae's ghost (journeyman OpCj)
 10452 | Lair:2   | Noticed a seven-headed hydra
 10454 | Lair:2   | Noticed a seven-headed hydra
 10454 | Lair:2   | Noticed a six-headed hydra
 10537 | Lair:2   | Noticed Gastronok
 10549 | Lair:2   | Killed Gastronok
 10549 | Lair:2   | Reached XP level 12. HP: 65/103 MP: 9/12
 10761 | Lair:2   | Found a transporter.
 11318 | Lair:3   | Noticed Urug
 11333 | Lair:3   | Killed Urug
 11354 | Lair:3   | Found a staircase to the Shoals.
 11372 | Lair:3   | Received a gift from Okawaru
 11401 | Lair:3   | Got a pitted chain mail {god gift}
 11412 | Lair:3   | Identified the +11 chain mail "Piunk" {-Tele Harm rPois
                  | Int+10} (Okawaru gifted it to you on level 3 of the Lair of
                  | Beasts)
 11490 | Lair:3   | Reached skill level 13 in Shields
 11712 | Lair:3   | Noticed a four-headed hydra
 12353 | Lair:3   | Killed a two-headed hydra
 13327 | D:10     | Killed a four-headed hydra
 13327 | D:10     | Reached skill level 1 in Axes
 13938 | D:11     | Reached skill level 10 in Fighting
 14053 | D:11     | Found Caebbasch's Weapon Boutique.
 14063 | D:11     | Noticed a boulder beetle
 14081 | D:11     | Killed a boulder beetle
 14098 | D:11     | Found Gilaypn's Magic Scroll Emporium.
 14116 | D:11     | Bought a scroll of identify for 30 gold pieces
 14116 | D:11     | Bought a scroll of identify for 30 gold pieces
 14116 | D:11     | Bought a scroll of identify for 30 gold pieces
 14116 | D:11     | Bought a scroll of magic mapping for 52 gold pieces
 14473 | D:11     | Reached XP level 13. HP: 92/113 MP: 13/13
 15009 | D:12     | Got a pair of steaming boots
 15015 | D:12     | Identified the +5 pair of boots of Incorporation {Rampage
                  | rF- Dex+9} (You found it on level 12 of the Dungeon)
 15034 | D:12     | Received a gift from Okawaru
 15112 | D:12     | Found a frozen archway.
 15146 | IceCv    | Entered an ice cave
 15883 | IceCv    | Got a pair of faintly glowing boots
 15894 | IceCv    | Identified the -4 pair of boots of the Iron City of Dis
                  | {Dex-3 Slay+2 SInv Stlth+} (You found it in an ice cave)
 16009 | IceCv    | Reached skill level 14 in Shields
 16214 | D:12     | Found a radiant altar of Vehumet.
 16269 | D:12     | Received a gift from Okawaru
 16984 | D:13     | Found a shadowy altar of Dithmenos.
 17256 | D:13     | Received a gift from Okawaru
 17263 | D:13     | Reached skill level 15 in Long Blades
 17527 | D:13     | Identified a scroll of acquirement
 18450 | Lair:4   | Found a staircase to the Snake Pit.
 18548 | Lair:4   | Received a gift from Okawaru
 18646 | Lair:4   | Reached XP level 14. HP: 100/125 MP: 14/14
 18661 | Lair:4   | Reached skill level 15 in Shields
 19551 | Orc:1    | Entered Level 1 of the Orcish Mines
 19558 | Orc:1    | Found a flagged portal.
 19559 | Orc:1    | Found the cursed +14 obsidian axe {vorpal, +Fly SInv
                  | *Curse}
 19645 | Bailey   | Entered a bailey
 19967 | Orc:1    | Found Divvodui's Gadget Shoppe.
 19976 | Orc:1    | Bought a wand of digging (3) for 196 gold pieces
 20607 | Orc:2    | Entered Level 2 of the Orcish Mines
 20794 | Orc:2    | Found a staircase to the Elven Halls.
 20837 | Orc:2    | Found a gate leading to a gauntlet.
 20851 | Gauntlet | Entered a Gauntlet
 20851 | Gauntlet | Found a transporter.
 20851 | Gauntlet | Found a transporter.
 20851 | Gauntlet | Found a transporter.
 20851 | Gauntlet | Found the +7 captain's cutlass {speed, disarm}
 20858 | Gauntlet | Found a transporter.
 20868 | Gauntlet | Found a transporter.
 20870 | Gauntlet | Found a large runed translucent door.
 20871 | Gauntlet | Found a large runed translucent door.
 20872 | Gauntlet | Found a large runed translucent door.
 20872 | Gauntlet | Found a large runed translucent door.
 20872 | Gauntlet | Found a large runed translucent door.
 20873 | Gauntlet | Found a runed translucent door.
 20876 | Gauntlet | Found a transporter.
 20879 | Gauntlet | Found a runed translucent door.
 20880 | Gauntlet | Found a large runed translucent door.
 20880 | Gauntlet | Found a large runed translucent door.
 20880 | Gauntlet | Found a large runed translucent door.
 20881 | Gauntlet | Found a large runed translucent door.
 20882 | Gauntlet | Found a transporter.
 20882 | Gauntlet | Found a large runed translucent door.
 20883 | Gauntlet | Found a large runed translucent door.
 20883 | Gauntlet | Found a large runed translucent door.
 20883 | Gauntlet | Found a transporter.
 20884 | Gauntlet | Found a large runed translucent door.
 20884 | Gauntlet | Found a large runed translucent door.
 20884 | Gauntlet | Found a large runed translucent door.
 20884 | Gauntlet | Found a large runed translucent door.
 20887 | Gauntlet | Found a runed translucent gate.
 20887 | Gauntlet | Found a runed translucent gate.
 20887 | Gauntlet | Found a runed translucent gate.
 20889 | Gauntlet | Found a transporter.
 20910 | Gauntlet | Found a transporter.
 21040 | Gauntlet | Found a transporter.
 21060 | Gauntlet | Found a transporter.
 21292 | Gauntlet | Got a fine graven amulet
 21293 | Gauntlet | Identified the amulet of Hoululu {Spirit rF++ rC+ Dex-3}
                  | (You found it in a Gauntlet)
 21295 | Gauntlet | Got a fading mace
 21296 | Gauntlet | Identified the cursed +1 mace of Oenomania {freeze, rF+ rC+
                  | Int+4} (You found it in a Gauntlet)
 21350 | Gauntlet | Got a pair of brightly glowing gloves
 21356 | Gauntlet | Identified the +0 pair of gloves of the Marlin {rPois rN+
                  | rCorr Slay+5} (You found it in a Gauntlet)
 21393 | Gauntlet | Found the +4 dagger "Morg" {pain, MR+ Int+5}
 21414 | Gauntlet | Identified the Catalogue of Flames
 21548 | Orc:2    | Received a gift from Okawaru
 21741 | Orc:2    | Found Ruge's Magic Scroll Shoppe.
 21741 | Orc:2    | Found Tits's Assorted Antiques.
 21743 | Orc:2    | Found Oheedos's Distillery.
 21745 | Orc:2    | Found Unnu's General Store.
 22477 | D:14     | Reached skill level 16 in Shields
 22668 | D:14     | Received a gift from Okawaru
 22691 | D:14     | Got a polished dagger {god gift}
 22698 | D:14     | Identified the +8 dagger "Kaetz" {flame, rF+ Str+4}
                  | (Okawaru gifted it to you on level 14 of the Dungeon)
 22776 | D:14     | Found a stormy altar of Qazlal.
 22903 | D:14     | Reached XP level 15. HP: 123/134 MP: 16/16
 23423 | D:14     | Found a gate to the Vaults.
 23473 | D:15     | Entered Level 15 of the Dungeon
 23485 | D:15     | Reached skill level 5 in Stealth
 23659 | D:15     | Received a gift from Okawaru
 23659 | D:15     | Reached skill level 17 in Shields
 23816 | D:15     | Found a staircase to the Depths.
 24235 | D:15     | Found a shimmering altar of Xom.
 24279 | D:15     | Found Hesadioj's Assorted Antiques.
 24288 | D:15     | Bought a scroll of identify for 62 gold pieces
 24288 | D:15     | Bought a scroll labeled HIMMIR ROPSAK for 31 gold pieces
 25126 | Lair:4   | Acquired 630 gold pieces
 25291 | Lair:2   | Reached skill level 10 in Dodging
 25297 | Lair:2   | Killed Zeamae's ghost
 25540 | Lair:5   | Noticed Snorg
 25556 | Lair:5   | Killed Snorg
 25659 | Lair:5   | Reached skill level 1 in Short Blades
 25948 | Lair:5   | Got a warped rapier
 25949 | Lair:5   | Identified the +8 rapier of World's End {vorpal, *Drain
                  | rN+++ MP+9 Dex+4} (You found it on level 5 of the Lair of
                  | Beasts)
 26085 | Lair:5   | Found a staircase to the Slime Pits.
 26093 | Lair:5   | Noticed Rupert
 26110 | Lair:5   | Killed Rupert
 26110 | Lair:5   | Received a gift from Okawaru
 26409 | Lair:6   | Entered Level 6 of the Lair of Beasts
 26447 | Lair:5   | Received a gift from Okawaru
 26447 | Lair:5   | Reached skill level 18 in Shields
 26455 | Lair:5   | Reached XP level 16. HP: 68/145 MP: 12/17
 27510 | Lair:6   | Received a gift from Okawaru
 27585 | Lair:6   | Acquired a +1 vorpal double sword
 28571 | D:8      | Bought a scroll of brand weapon for 320 gold pieces
 28571 | D:8      | Bought a scroll of silence for 120 gold pieces
 28583 | D:8      | Bought a scroll of enchant weapon for 120 gold pieces
 28583 | D:8      | Bought a scroll of blinking for 120 gold pieces
 28704 | Shoals:1 | Entered Level 1 of the Shoals
 29002 | Shoals:1 | Received a gift from Okawaru
 29091 | Shoals:1 | Reached skill level 19 in Shields
 29298 | Shoals:1 | Found Ygrargh's Antique Armour Emporium.
 29315 | Shoals:1 | Bought the +2 hat of the Bear Spirit {Spirit, +Rage rN+
                  | MR++} for 1055 gold pieces
 29315 | Shoals:1 | Found the +2 hat of the Bear Spirit {Spirit, +Rage rN+
                  | MR++}
 30071 | Elf:1    | Entered Level 1 of the Elven Halls
 30089 | Elf:1    | Received a gift from Okawaru
 30445 | Elf:1    | Reached skill level 1 in Evocations
 30463 | Elf:1    | You fall into a shaft and drop 1 floor!
 30488 | Elf:2    | Reached skill level 15 in Fighting
 30544 | Elf:1    | Noticed Agnes
 30557 | Elf:1    | Reached XP level 17. HP: 139/156 MP: 18/18
 30561 | Elf:1    | Killed Agnes
 30756 | Elf:1    | Identified the Collected Works on Calling
 30850 | Elf:1    | Received a gift from Okawaru
 30853 | Elf:1    | Got a distressingly furry scale mail {god gift}
 31745 | Elf:3    | Entered Level 3 of the Elven Halls
 31794 | Elf:3    | Found Womiuby's Gadget Shop.
 31918 | Elf:2    | Reached skill level 20 in Shields
 32233 | Elf:2    | Found a huge runed translucent gate.
 32233 | Elf:2    | Found a huge runed translucent gate.
 32233 | Elf:2    | Found a huge runed translucent gate.
 32286 | Elf:2    | Found Qylu's Distillery.
 32288 | Elf:2    | Found Ehirchoal's General Store.
 32290 | Elf:2    | Found Qostreup's Assorted Antiques.
 32457 | Elf:2    | Found a huge runed translucent gate.
 32457 | Elf:2    | Found a huge runed translucent gate.
 32664 | Snake:1  | Entered Level 1 of the Snake Pit
 32713 | Snake:1  | Identified the cursed +3 morningstar "Beitatte" {flame,
                  | *Drain Str+4 Stlth+} (You found it on level 1 of the Snake
                  | Pit)
 32714 | Snake:1  | Identified the +6 scale mail of the Orb Guardian {Harm rF+
                  | Str+2 SInv} (Okawaru gifted it to you on level 1 of the
                  | Elven Halls)
 33083 | Snake:1  | Received a gift from Okawaru
 33111 | Snake:1  | Got a masterwork hat {god gift}
 33122 | Snake:1  | Identified the +5 hat of Crawling {MR+ SInv} (Okawaru
                  | gifted it to you on level 1 of the Snake Pit)
 33587 | Snake:1  | Noticed Frances
 33591 | Snake:1  | Killed Frances
 33598 | Snake:1  | Found Purgh's Jewellery Emporium.
 33627 | Snake:1  | Noticed Aizul
 33652 | Snake:1  | Killed Aizul
 34345 | Snake:2  | Reached XP level 18. HP: 41/166 MP: 7/19
 34733 | Snake:2  | Found a shimmering blue altar of Sif Muna.
 34735 | Snake:2  | Found a transporter.
 35571 | Snake:2  | Received a gift from Okawaru
 35980 | Snake:2  | Found a transporter.
 35995 | Snake:2  | Reached skill level 21 in Shields
 36155 | Snake:2  | Identified Thaumaturgy, Part One
 36232 | Snake:3  | Identified the Incunabulum of Spores
 36277 | Snake:3  | Noticed Vashnia
 36291 | Snake:3  | Killed Vashnia
 36309 | Snake:3  | Received a gift from Okawaru
 37664 | Snake:4  | Entered Level 4 of the Snake Pit
 37678 | Snake:4  | Got a warped tin ring
 38200 | Snake:4  | Received a gift from Okawaru
 38417 | Snake:4  | Reached XP level 19. HP: 171/177 MP: 20/20
 38423 | Snake:4  | Reached skill level 22 in Shields
 38852 | Snake:4  | Got a serpentine rune of Zot
 40422 | Shoals:3 | Identified the ring of Xibloghi {Wiz rC+} (You found it on
                  | level 4 of the Snake Pit)
 40641 | Shoals:3 | Noticed Donald
 40652 | Shoals:3 | Killed Donald
 40678 | Shoals:3 | Noticed Polyphemus
 40697 | Shoals:3 | Killed Polyphemus
 40731 | Shoals:3 | Received a gift from Okawaru
 40836 | Shoals:3 | Noticed Mara
 40872 | Shoals:3 | Noticed Peloso's illusion
 40882 | Shoals:3 | Killed Mara
 40993 | Shoals:3 | Reached skill level 23 in Shields
 41485 | Shoals:4 | Entered Level 4 of the Shoals
 41967 | Shoals:4 | Got a barnacled rune of Zot
 42070 | Shoals:4 | Reached XP level 20. HP: 156/187 MP: 19/21
 42112 | Shoals:4 | Received a gift from Okawaru
 42167 | Shoals:4 | Noticed Ilsuiw
 42175 | Shoals:4 | Killed Ilsuiw
 43034 | Shoals:4 | Identified the Almanac of Hurtful Displacement
 43756 | Vaults:1 | Entered Level 1 of the Vaults
 43863 | Vaults:1 | Found a flickering gateway to a bazaar.
 43869 | Bazaar   | Entered a bazaar
 43873 | Bazaar   | Found Hiby's Assorted Antiques.
 43880 | Bazaar   | Bought a wand of digging (4) for 160 gold pieces
 43890 | Bazaar   | Found Byej's Jewellery Shoppe.
 43892 | Bazaar   | Found Qeem's Antique Weapon Emporium.
 43902 | Bazaar   | Found Ikloa's General Store.
 43903 | Bazaar   | Found Cecig's Assorted Antiques.
 43908 | Bazaar   | Bought a scroll of enchant weapon for 82 gold pieces
 43927 | Bazaar   | Bought the amulet of Viurriut {Reflect rF- rN+++ Str+3
                  | SH+5} for 744 gold pieces
 44370 | Vaults:1 | Received a gift from Okawaru
 44394 | Vaults:1 | Identified the +1 broad axe "Wuoter" {protect, rElec rPois
                  | rF- Str+6} (Okawaru gifted it to you on level 1 of the
                  | Vaults)
 44466 | Vaults:1 | Found the +8 storm bow {elec, penet}
 44806 | Vaults:1 | Reached skill level 24 in Shields
 45604 | Vaults:2 | Received a gift from Okawaru
 45752 | Vaults:2 | Received a gift from Okawaru
 46379 | Vaults:2 | Reached XP level 21. HP: 153/196 MP: 16/22
 46677 | Vaults:2 | Found a hazy altar of Hepliaklqana.
 47472 | Vaults:3 | Found a staircase to the Crypt.
 47472 | Vaults:3 | Found a basalt altar of Yredelemnul.
 47473 | Vaults:3 | Found an ancient bone altar of Kikubaaqudgha.
 48184 | Vaults:3 | Received a gift from Okawaru
 48185 | Vaults:3 | Found the +8 demon blade "Leech" {vamp, *Rage +Rage rN+}
 48279 | Vaults:3 | You fall into a shaft and drop 1 floor!
 48596 | Vaults:3 | Identified a +0 pair of boots of running (You found it on
                  | level 3 of the Vaults)
 49702 | Elf:3    | Identified the cursed +1 scale mail "Cootofaf" {+Fly Int+6}
                  | (You found it on level 3 of the Elven Halls)
 50167 | Elf:3    | Reached skill level 10 in Stealth
 50692 | Elf:3    | Reached skill level 25 in Shields
 50704 | Elf:3    | Received a gift from Okawaru
 50992 | Elf:3    | Received a gift from Okawaru
 50996 | Elf:3    | Reached XP level 22. HP: 192/207 MP: 21/23
 51006 | Elf:3    | Got an encrusted hat {god gift}
 51571 | Elf:3    | Identified An Early Guide to Rites and Rhymes
 51586 | Elf:3    | Got a sparkling lapis lazuli ring
 51603 | Elf:3    | Got an ancient marble ring
 51616 | Elf:3    | Identified the Collected Works on Feathers and Displacement
 51625 | Elf:3    | Identified the +11 great sword "Umyh" {vorpal, Dex+3
                  | Stlth+} (You found it on level 3 of the Elven Halls)
 51666 | Elf:3    | Got a coiled iron ring
 51668 | Elf:3    | Got a warped brass amulet
 51736 | Elf:3    | Identified the +2 hat "Uqikk" {Str+3} (Okawaru gifted it to
                  | you on level 3 of the Elven Halls)
 51843 | Elf:3    | Identified the ring of Wonder {Wiz rElec rN++ MR++} (You
                  | found it on level 3 of the Elven Halls)
 51845 | Elf:3    | Identified the ring of Ryoluaw {Wiz rC++ rN+ Str-5 SInv}
                  | (You found it on level 3 of the Elven Halls)
 51850 | Elf:3    | Identified the ring "Duefoqeh" {rF+ Str+5 Slay-5} (You
                  | found it on level 3 of the Elven Halls)
 51858 | Elf:3    | Identified the amulet of Jilicil {Inacc Int+4} (You found
                  | it on level 3 of the Elven Halls)
 52654 | Elf:2    | Noticed Louise
 52673 | Elf:2    | Killed Louise
 53547 | Vaults:4 | Noticed Bai Suzhen
 53559 | Vaults:4 | Killed Bai Suzhen
 53811 | Vaults:4 | Killed from afar by a tengu reaver

Illustrated notes

Levels and vault maps discovered:
D:1:      wander_arrival_chamber, layout_rooms, minmay_heptomino_o4
D:2:      layout_basic, overflow_temple_1_default,
          gammafunk_temple_overflow_claw, chequers_ecumenical_altar_simple,
          hangedman_decor_points
D:3:      layout_loops_ring, tso_metal_star, nicolae_overflow_hidden_temple
D:4:      layout_basic, grunt_temple_overflow_order_and_chaos_1,
          nicolae_overflow_crystal_walls, portal_sewer_entry_d,
          interstate_on_off, uniq_edmund, uniq_pikel
D:5:      layout_rooms, kennysheep_mini, minmay_temple_entry_enclosed_plants,
          serial_shops, shop
D:6:      layout_loops_ring, serial_shops, shop
D:7:      layout_gridville, lemuel_mausoleum_altar_yredelemnul
D:8:      layout_cave_pools, serial_shops, shop, hangedman_decor_growths
D:9:      layout_roguey, minmay_lair_entry_grove, uniq_joseph, uniq_erolcha,
          uniq_psyche
D:10:     layout_roguey, david_orc_2, serial_shops, nicolae_shop_statue_plus
D:11:     layout_roguey, serial_shops, nicolae_shop_trees, shop
D:12:     layout_roguey, portal_ice_cave_demonic_guard, basic_altar
D:13:     layout_cave_pods, nicolae_dithmenos_shadow_blocks
D:14:     layout_rooms, david_vaults_5, lemuel_round_altar, special_room
          [special_room_mythical_zoo]
D:15:     hangedman_depths_entry_civil_slaughter, layout_cave_pods,
          hangedman_abyss_or_decor_passed, serial_shops, shop,
          minmay_misc_feat_roman, minivault_4, xom_teletrap_fun
Lair:1:   layout_layer_cave
Lair:2:   layout_gridlike, nicolae_volcano_entry_s_turn, gammafunk_ghost_arena,
          uniq_gastronok
Lair:3:   layout_chaotic_city, elwin_shoals_entry_stream, lemuel_old_faithful,
          uniq_urug
Lair:4:   layout_long_grid, dummy_snake_entry, lemuel_fruit_fields,
          grunt_megastairs_2
Lair:5:   layout_misc_corridors, slime_dummy, lemuel_fruit_tree,
          serial_bayou_shore_a, uniq_rupert, uniq_snorg
Lair:6:   hangedman_lair_caniforms_friends, layout_loops_ring,
          guppyfry_lair_end_dragon, lookout_lair_type,
          infiniplex_staircase_pool, grunt_megastairs_4
Shoals:1: layout_shoals, serial_shops, shop, hangedman_shoal_volcano
Shoals:2: layout_shoals, nicolae_shoals_circle_sea_wall
Shoals:3: layout_shoals, st_cyclops, uniq_polyphemus, uniq_donald, uniq_mara
Shoals:4: shoals_end_grunt_garden, layout_shoals, shoals_ilsuiw_ice,
          kb_tengu_band
Snake:1:  cheibrodos_snake_lava_hold, layout_grid_shapes, serial_shops,
          nicolae_shop_statue_plus, serial_bayou_shore_b, grunt_megastairs_3,
          uniq_frances, uniq_aizul
Snake:2:  gammafunk_sealed_library, layout_onion
Snake:3:  layout_grid_maze, uniq_vashnia
Snake:4:  snake_pit, layout_cave_town, nicolae_snake_round_shape_thing
Orc:1:    cheibrodos_orc_guarddog, layout_caves, serial_shops, shop,
          enter_bailey_2
Orc:2:    st_orc_rangers, layout_caves, gauntlet_entry_generic
Elf:1:    minmay_elf_arrival_plus, layout_onion_city, minmay_elf_demonology,
          uniq_agnes
Elf:2:    layout_geoelf_grid, glass_columns_b, minmay_shop_star, uniq_louise
Elf:3:    minmay_elf_hall_four_x, layout_geoelf_castle, serial_shops, shop,
          minmay_checkered_concentric_circles
Vaults:1: minmay_guarded_unrand_secular_launcher, vaults_room_grid, v_misc_15,
          v_misc_4, v_misc_8, nicolae_vaults_little_squares_4,
          grunt_vaults_swirl, vaults_room_corners, vaults_dpeg_cross,
          v_alt_pattern_5, ontoclasm_vaults_ring_square,
          nicolae_vaults_yaktaur_gun_rack, vaults_room_corners,
          nicolae_vaults_little_squares_5, layout_vaults_omnibox, serial_shops,
          bzr_in_the_mist
Vaults:2: hangedman_vaults_stagger, vaults_room_door_hall,
          nicolae_vaults_shelves_hall, v_pattern_2, v_misc_27,
          vaults_standard_mumra_x, vaults_room_stairs_pillars,
          ontoclasm_vaults_loading_screen, layout_vaults_omnigrid, basic_altar
Vaults:3: v_pattern_1, v_misc_27, nicolae_vaults_network_s,
          nicolae_vaults_specimen_jars, nicolae_vaults_fighting_squares,
          minmay_crypt_entry_necro_gods, nicolae_vaults_sealed_display,
          nicolae_vaults_big_angled_halls, hangedman_vaults_stretched_pinwheel,
          grunt_vaults_funnel, v_misc_26, hangedman_vaults_impose,
          v_alt_pattern_3, nicolae_vaults_angled_halls,
          vaults_room_stairs_pillars, grunt_vaults_hallway_short,
          ontoclasm_vaults_gateway, layout_vaults_omnicross
Vaults:4: v_misc_4, v_rooms_4, v_misc_24, hangedman_vaults_impose,
          nicolae_vaults_angled_halls, v_misc_8, v_misc_29, v_misc_10,
          vaults_mumra_hexcomb, vaults_mumra_minichess, layout_vaults_ring,
          uniq_bai_suzhen

Skill      XL: |  1  2  3  4  5  6  7  8  9 10 11 12 13 14 15 16 17 18 19 20 21 22 |
---------------+-------------------------------------------------------------------+-----
Armour         | 4 5 6 7 8 9 10 11 12 13 14 | 14.4
Shields        | 4 6 7 10 11 12 13 14 16 18 19 20 21 23 24 25 | 25.7
Long Blades    | 3 4 6 8 10 11 13 14 15 16 17 18 19 20 21 | 21.7
Fighting       | 4 5 6 7 8 10 11 12 13 15 16 17 18 19 20 | 20.1
Dodging        | 1 2 3 4 5 6 7 8 9 10 11 12 13 14 | 14.9
Invocations    | 1 2 3 |  3.1
Stealth        | 2 3 4 5 6 7 8 9 10 | 10.4
Axes           | 1 3 |  3.1
Short Blades   | 1 |  1.1
Evocations     | 1 |  1.9

Action                   |  1- 3 |  4- 6 |  7- 9 | 10-12 | 13-15 | 16-18 | 19-21 | 22-24 || total
-------------------------+-------+-------+-------+-------+-------+-------+-------+-------++-------
Melee: Long sword        |    80 |   179 |   284 |   513 |  1087 |   189 |       |       ||  2332
       Headbutt          |    13 |    25 |    93 |   196 |   531 |   436 |   626 |    92 ||  2012
       Battleaxe         |       |       |       |     7 |     7 |       |       |       ||    14
       Punch             |       |       |       |       |     1 |       |       |       ||     1
       Dagger            |       |       |       |       |    24 |       |       |       ||    24
       Double sword      |       |       |       |       |       |   953 |  1492 |   235 ||  2680
Invok: Heroism           |       |     2 |     1 |     9 |    12 |     4 |     4 |     2 ||    34
       Finesse           |       |       |       |       |     1 |       |       |       ||     1
Evoke: Wand              |       |       |       |       |     3 |     2 |     1 |     3 ||     9
  Use: Scroll            |     1 |     9 |     9 |    15 |     9 |    13 |    10 |     4 ||    70
       Potion            |     1 |       |       |     1 |     2 |       |       |     2 ||     6
 Stab: Sleeping          |       |       |       |     4 |    16 |    23 |    41 |     6 ||    90
       Distracted        |       |       |       |       |     3 |     3 |    10 |     1 ||    17
       Fleeing           |       |       |       |       |     1 |       |       |       ||     1
       Petrified         |       |       |       |       |       |       |     2 |       ||     2
Armor: Scale mail        |    48 |    12 |       |       |       |       |       |       ||    60
       Chain mail        |       |    75 |    84 |       |   122 |       |       |       ||   281
       Ring mail         |       |       |     2 |   105 |   118 |   179 |   135 |    41 ||   580
Dodge: Dodged            |    37 |    46 |    74 |   230 |   619 |   534 |   476 |    75 ||  2091
Block: Kite shield       |    46 |    88 |   210 |   332 |   808 |   829 |       |       ||  2313
       Tower shield      |       |       |       |       |       |   351 |  1535 |   274 ||  2160
       Rpst.: Long sword |    15 |    10 |    22 |    53 |   112 |    20 |       |       ||   232
       Double sword      |       |       |       |       |       |    61 |    65 |     7 ||   133

Table legend: (Time is in decaauts)
 A = Elapsed time spent in this place.
 B = Non-inter-level travel time spent in this place.
 C = Inter-level travel time spent in this place.
 D = Time resting spent in this place.
 E = Time spent auto-exploring this place.
 F = Levels seen in this place.
 G = Mean time per level.
                   A        B        C        D        E       F      G
               +--------+--------+--------+--------+--------+-----+--------+
         Total |  53159 |  48150 |   5009 |   4860 |  29198 |  44 | 1208.2 |
       Dungeon |  16206 |  13827 |   2379 |    332 |  10262 |  15 | 1080.4 |
          Lair |  10044 |   8692 |   1352 |    775 |   5158 |   6 | 1674.0 |
        Shoals |   4992 |   4681 |    311 |    212 |   2570 |   4 | 1248.0 |
     Snake Pit |   6581 |   6402 |    179 |   1458 |   3700 |   4 | 1645.2 |
  Orcish Mines |   1837 |   1650 |    187 |     99 |    847 |   2 |  918.5 |
   Elven Halls |   5777 |   5508 |    269 |   1210 |   2805 |   3 | 1925.7 |
        Vaults |   5299 |   4970 |    329 |     68 |   3498 |   4 | 1324.8 |
        Bazaar |     96 |     96 |      0 |      0 |     25 |   1 |   96.0 |
         Sewer |    250 |    250 |      0 |      0 |    164 |   1 |  250.0 |
        Bailey |    278 |    278 |      0 |      0 |      0 |   1 |  278.0 |
      Ice Cave |    870 |    870 |      0 |    404 |    136 |   1 |  870.0 |
       Volcano |    338 |    338 |      0 |    184 |      0 |   1 |  338.0 |
      Gauntlet |    586 |    586 |      0 |    118 |     31 |   1 |  586.0 |
               +--------+--------+--------+--------+--------+-----+--------+

Top non-repeatable levels by time:
   Elf:3: 2610 daAuts
  Lair:4: 2370 daAuts
  Lair:3: 2099 daAuts
 Snake:3: 1979 daAuts
 Snake:2: 1935 daAuts
     D:9: 1795 daAuts
Vaults:1: 1667 daAuts
     D:7: 1659 daAuts
   Elf:2: 1600 daAuts
 Snake:1: 1597 daAuts
Vaults:2: 1594 daAuts
   Elf:1: 1567 daAuts
Shoals:4: 1558 daAuts
  Lair:5: 1544 daAuts
  Lair:2: 1446 daAuts
